 Dungeon Crawl Stone Soup version 0.28-a0-881-gae16bb6c82 (webtiles) character file.

Game seed: 13048169690184961209

274661 BlueGoblin the Devastator (level 19, -22/142 (149) HPs)
             Began as a Grey Draconian Conjurer on Nov 21, 2021.
             Was a High Priest of Ru.
             Annihilated by a vault warden (28 damage)
             ... while paralysed by Xtahua
             ... on level 3 of the Vaults.
             The game lasted 02:33:46 (55890 turns).

BlueGoblin the Devastator (DrCj)                   Turns: 55890, Time: 02:33:47

HP:   -22/142 (149) AC: 21    Str: 20    XL:     19   Next: 53%
MP:   15/41         EV:  2    Int: 30    God:    Ru [*****.]
Gold: 3069          SH:  0    Dex: 32    Spells: 28/55 levels left

rFire   + . .      SeeInvis +   a - +0 staff of Battle
rCold   . . .      Faith    .   K - +2 kite shield {rN+}
rNeg    + . .      Spirit   .   (armour unavailable)
rPois   .          Reflect  .   q - +0 hat "Gaedwoho" {Str+10}
rElec   .          Harm     .   X - +0 cloak of the Harvest {Fly Dex+5 SInv}
rCorr   .          Rampage  +   d - +1 pair of gloves {Dex+3}
Will    +....                   y - +2 pair of boots {rampage}
Stlth   +++.......              Z - amulet of Butchery {Acrobat rF+ Int+4 Dex+4}
HPRegen 0.33/turn               e - +6 ring of dexterity
MPRegen 0.27/turn               U - +6 ring of dexterity

@: paralysed, exhausted, marked, unable to drink, flying, lightly drained
A: AC +15, amphibious, unfitting armour, clumsy 1, cold-blooded, inability to
drink while threatened, inability to use devices, no hexes magic, no necromancy
magic, no poison magic, big wings, claws 1, horns 1, MP-powered wands
}: 2/15 runes: barnacled, gossamer
a: Renounce Religion, Sacrifice Purity, Sacrifice Courage, Sacrifice Love,
Reject Sacrifices, Draw Out Power, Power Leap, Apocalypse


You were on level 3 of the Vaults.
You worshipped Ru.
Ru was extremely pleased with you.
You visited 7 branches of the dungeon, and saw 36 of its levels.
You also visited: Sewer, Bailey and Ice Cave.

You collected 3633 gold pieces.
You spent 564 gold pieces at shops.

Inventory:

Hand Weapons
 a - the +0 staff of Battle (weapon)
   (You acquired it on level 8 of the Dungeon)

   It enhances your conjuration magic.
   It summons a battlesphere in combat, with strength depending on Conjurations
   skill.
   Its strikes trigger the battlesphere's blasts.
 b - a +5 dagger of protection
 Y - a +1 rapier of distortion
Missiles
 m - 3 throwing nets
Armour
 d - a +1 pair of gloves of dexterity (worn)
 g - a scarf of invisibility
 q - the +0 hat "Gaedwoho" (worn) {Str+10}
   (You acquired it on level 8 of the Dungeon)

   Str:       It affects your strength (+10).
 x - a +0 tower shield
 y - a +2 pair of boots of rampaging (worn)
 I - a +2 buckler of protection
 K - a +2 kite shield of positive energy (worn)
 X - the +0 cloak of the Harvest (worn) {Fly Dex+5 SInv}
   (You found it on level 1 of the Spider Nest)

   Dex:       It affects your dexterity (+5).
   SInv:      It lets you see invisible.
   Fly:       It grants you flight.
Jewellery
 e - a +6 ring of dexterity (left hand)
 l - an amulet of reflection
 n - a ring of positive energy
 o - a ring of poison resistance
 v - a ring of wizardry
 A - a +6 ring of intelligence
 B - an amulet of magic regeneration
 F - a ring of wizardry
 P - a ring of resist corrosion
 U - a +6 ring of dexterity (right hand)
 Z - the amulet of Butchery (around neck) {Acrobat rF+ Int+4 Dex+4}
   (You found it on level 2 of the Spider Nest)

   [amulet of the acrobat]

   It increases your evasion while moving and waiting.
   Int:       It affects your intelligence (+4).
   Dex:       It affects your dexterity (+4).
   rF:        It protects you from fire.
Scrolls
 c - 9 scrolls of teleportation
 f - 7 scrolls of magic mapping
 h - 4 scrolls of blinking
 r - 6 scrolls of fear
 s - 15 scrolls of identify
 w - 4 scrolls of fog
 z - 3 scrolls of enchant armour
 D - 4 scrolls of enchant weapon
 N - a scroll of summoning
 S - 2 scrolls of brand weapon
 V - a scroll of amnesia
 W - 3 scrolls of silence
Potions
 i - 9 potions of curing
 j - 5 potions of might
 k - 9 potions of berserk rage
 p - 7 potions of ambrosia
 t - 5 potions of haste
 u - 5 potions of brilliance
 C - a potion of invisibility
 E - 2 potions of attraction
 G - 7 potions of lignification
 H - 6 potions of flight
 J - 3 potions of magic
 L - 2 potions of mutation
 M - a potion of resistance
 Q - a potion of heal wounds
 T - 2 potions of cancellation


   Skills:
 + Level 8.5 Fighting
 + Level 14.6 Dodging
 - Level 1.7 Stealth
 * Level 14.4 Shields
 + Level 18.9 Spellcasting
 + Level 19.3 Conjurations
 + Level 6.9 Translocations
 + Level 2.9 Fire Magic
 + Level 2.7 Earth Magic


You had 28 spell levels left.
You knew the following spells:

 Your Spells              Type           Power      Damage    Failure   Level
a - Searing Ray           Conj           100%       2d8       0%          2
b - Lee's Rapid Deconstr  Erth           22%        3d13*     14%         5
d - Statue Form           Tmut/Erth      24%        N/A       78%         6
s - Starburst             Conj/Fire      48%        6d13      2%          6
w - Passage of Golubria   Tloc           63%        N/A       1%          4
x - Iskenderun's Mystic   Conj/Tloc      100%       2d19      1%          4

Your spell library contained the following spells:

 Spells                   Type           Power      Damage    Failure   Level
 Foxfire                  Conj/Fire      100%       2x1d9     0%          1
 Magic Dart               Conj           100%       1d8       0%          1
 Apportation              Tloc           100%       N/A       1%          1
 Shock                    Conj/Air       100%       1d9       1%          1
 Summon Small Mammal      Summ           100%       N/A       1%          1
 Blink                    Tloc           100%       N/A       1%          2
 Static Discharge         Conj/Air       92%        N/A       1%          2
 Lesser Beckoning         Tloc           63%        N/A       1%          3
 Lightning Bolt           Conj/Air       46%        1d66      1%          5
 Wereblood                Tmut           28%        N/A       2%          2
 Manifold Assault         Tloc           63%        N/A       2%          5
 Call Canine Familiar     Summ           28%        N/A       4%          3
 Frozen Ramparts          Ice            56%        1d7       4%          3
 Swiftness                Air            28%        N/A       4%          3
 Airstrike                Air            14%        N/A       16%         4
 Ice Form                 Ice/Tmut       28%        N/A       16%         4
 Summon Ice Beast         Ice/Summ       28%        N/A       16%         4
 Summon Hydra             Summ           14%        N/A       100%        7
 Maxwell's Capacitive Co  Air            14%        ∞         100%        8
 Animate Skeleton         Necr           Unusable   N/A       N/A         1
 Slow                     Hex            Unusable   N/A       N/A         1
 Dazzling Flash           Conj/Hex       Unusable   N/A       N/A         3
 Portal Projectile        Hex/Tloc       Unusable   N/A       N/A         3
 Fulminant Prism          Conj/Hex       Unusable   3d21      N/A         4
 Ensorcelled Hibernation  Hex/Ice        Unusable   N/A       N/A         2
 Sublimation of Blood     Necr           Unusable   N/A       N/A         2
 Confusing Touch          Hex            Unusable   N/A       N/A         3
 Tukima's Dance           Hex            Unusable   N/A       N/A         3
 Vampiric Draining        Necr           Unusable   2d8       N/A         3
 Leda's Liquefaction      Hex/Erth       Unusable   N/A       N/A         4
 Yara's Violent Unravell  Hex/Tmut       Unusable   3d7       N/A         5

Dungeon Overview and Level Annotations

Branches:
Dungeon (15/15)            Temple (1/1) D:6            Lair (6/6) D:11
 Shoals (4/4) Lair:3       Spider (4/4) Lair:3        Slime (0/5) Lair:5
    Orc (2/2) D:11            Elf (0/3) Orc:2        Vaults (4/5) D:14
  Crypt (0/3) Vaults:2     Depths (0/4) D:15          Sewer (visited)
 Bailey (visited)           IceCv (visited)

Altars:
Ashenzari
Cheibriados
Dithmenos
Elyvilon
Fedhas
Gozag
Hepliaklqana
Kikubaaqudgha
Makhleb
Nemelex Xobeh
Okawaru
Qazlal
Ru
Sif Muna
Trog
Uskayaw
Vehumet
Wu Jian
Xom
Yredelemnul
Zin
The Shining One
Beogh
Lugonu

Shops:
D:7 =   Orc:2 [(*(   Shoals:1 !   Vaults:2 =   Vaults:4 [

Portals:
Abyss: Lair:6

Annotations:
D:7 3 runed translucent doors, bgiannan's ghost, novice MiFi
Vaults:3 Xtahua
Vaults:4 Mara


Innate Abilities, Weirdness & Mutations

Your dull iron-grey scales are very hard. (AC +15)
You are amphibious.
You cannot fit into any form of body armour.
You are clumsy. (Dex -2)
You are cold-blooded and may be slowed by cold attacks.
You sometimes lose the ability to drink potions when taking damage.
You cannot study or use magical devices.
You cannot study or cast Hexes magic.
You cannot study or cast Necromancy magic.
You cannot study or cast Poison magic.
Your large and strong wings let you fly.
You have sharp fingernails.
You have a pair of small horns on your head.
You expend magic power (3 MP) to strengthen your wands.


Message History

The vault warden hits you from afar with a +0 glaive!!
The yaktaur captain hits you but does no damage.
Xtahua bites you but does no damage. Xtahua claws you!
Xtahua tramples you but does no damage.
The vault warden hits you but does no damage.
The runic seal fades away.
The vault sentinel blows a loud note on a signal horn!
The yaktaur captain hits you but does no damage.
Xtahua bites you! Xtahua claws you but does no damage.
Xtahua tramples you but does no damage.
The vault warden hits you from afar with a +0 glaive!
* * * LOW HITPOINT WARNING * * *
The runic seal fades away.
The vault warden is no longer blind.
The deep elf high priest prays to its god.
The deep elf high priest begins emitting a brilliant aura!
The vault warden is empowered by the deep elf high priest's aura!
The ironbound preserver is empowered by the deep elf high priest's aura!
The vault sentinel is empowered by the deep elf high priest's aura!
The yaktaur captain hits you.
* * * LOW HITPOINT WARNING * * *
Xtahua bites you but does no damage. Xtahua claws you but does no damage.
Xtahua tramples you but does no damage.
The vault warden activates a sealing rune.
You redirect the vault sentinel's attack!
The vault sentinel unwields a +0 war axe.
The vault sentinel wields a +0 arbalest.
The vault sentinel shoots a bolt.
The bolt hits the deep elf high priest!
The yaktaur captain hits you.
* * * LOW HITPOINT WARNING * * *
Xtahua bites you!
* * * LOW HITPOINT WARNING * * *
Xtahua claws you but does no damage. Xtahua tramples you but does no damage.
The vault warden hits you from afar with a +0 glaive!
* * * LOW HITPOINT WARNING * * *
The deep elf high priest prays.
The yaktaur captain hits you but does no damage.
Xtahua bites you but does no damage. Xtahua claws you but does no damage.
Xtahua tramples you but does no damage.
The vault warden hits you from afar with a +0 glaive!!
You die...

########.......#
...............##
.########........
.. #........ ...
#........ ....
#........ .....
#p######'
......#c#
......+@#
#######D#


ep# ..p# ....# ###+## .. #. You could see Xtahua, an ironbound preserver
(empowered), a vault warden (empowered), a yaktaur captain, a vault sentinel
(empowered) and a deep elf high priest (brilliance aura, corona).

Vanquished Creatures
  A golden dragon (Vaults:2)
  Mlioglotl (Shoals:4)
  The ghost of Zuot the Covert, an adept GnWn of Ashenzari (Spider:2)
  A titan (Shoals:4)
  Polyphemus (Shoals:2)
  A sphinx (Vaults:4)
  Ilsuiw (Shoals:2)
  3 ghost moths (Spider:4)
  Aizul (Shoals:3)
  An orc warlord (Orc:2)
  12 vault wardens
  8 emperor scorpions
  A ghoul (Vaults:2)
  A stone giant (D:15)
  11 ironbound preservers
  A very ugly thing (Vaults:2)
  An entropy weaver (Spider:4)
  An eidolon (Vaults:2)
  7 merfolk impalers
  An ettin (Orc:1)
  A deep elf death mage (Vaults:2)
  Josephine (D:12)
  4 ironbound thunderhulks
  2 merfolk javelineers
  3 yaktaur captains
  Fannar (D:11)
  Harold (D:8)
  2 great orbs of eyes
  Erolcha (D:9)
  9 vault guards
  9 hydras
  3 merfolk aquamancers
  Erica (D:9)
  6 boulder beetles
  4 ironbound frosthearts
  A merfolk avatar (Shoals:1)
  A satyr (Shoals:4)
  2 catoblepae
  2 alligator snapping turtles
  7 death yaks
  6 centaur warriors
  7 two-headed ogres
  A vampire mage (Vaults:2)
  2 tengu warriors (D:14)
  2 orc high priests (Orc:2)
  2 thrashing horrors (Lair:6)
  A dancing weapon (Spider:1)
  12 sea snakes
  27 deep trolls
  5 bog bodies (Shoals:1)
  10 ironbound convokers
  4 wizards
  Pikel (D:4)
  3 necromancers
  28 harpies
  2 lindwurms (Vaults:2)
  31 wolf spiders
  2 orc sorcerers
  17 orb spiders
  A deep elf pyromancer (D:12)
  27 ugly things
  4 orc knights
  10 fauns
  7 cyclopes
  A large abomination (Lair:6)
  19 manticores
  2 moths of wrath
  4 elephants (Lair:6)
  6 merfolk sirens
  A stone giant skeleton (Vaults:3)
  A black mamba (Lair:6)
  An elf zombie (Vaults:3)
  2 smoke demons (Lair:6)
  2 ice statues (IceCv)
  11 vault sentinels
  8 water nymphs
  10 cane toads
  A yaktaur zombie (Vaults:2)
  2 kobold demonologists (Bailey)
  11 komodo dragons
  6 rime drakes
  2 freezing wraiths
  A tengu conjurer (D:14)
  A human zombie (Vaults:2)
  25 yaktaurs
  12 demonic crawlers
  A queen bee (shapeshifter) (D:13)
  14 merfolk
  A human skeleton (Vaults:3)
  2 ancient zymes (Lair:6)
  25 jumping spiders
  10 trolls
  10 wind drakes
  A wind drake (shapeshifter) (Lair:6)
  5 polar bears
  3 hornets
  Prince Ribbit (D:8)
  A blink frog (shapeshifter) (Lair:6)
  29 blink frogs
  21 dream sheep
  10 snapping turtles
  A stone giant simulacrum (Vaults:2)
  31 slime creatures
  6 air elementals (Shoals:4)
  74 redbacks
  2 spriggans (Lair:6)
  32 tarantellas
  A vampire (D:12)
  23 water elementals
  A ynoxinul (Lair:6)
  3 wyverns
  3 hogs (Spider:3)
  7 wraiths
  66 yaks
  9 basilisks
  A hog (shapeshifter) (D:11)
  3 vampire mosquitoes
  A chaos spawn (Lair:6)
  A warg (Orc:2)
  A yaktaur simulacrum (Vaults:3)
  2 acid dragons
  16 water moccasins
  8 small abominations (Lair:6)
  2 black bears
  44 orc warriors
  An ice beast (D:7)
  A hornet zombie (D:5)
  2 necrophages
  19 wolves
  5 centaurs
  13 ogres
  2 phantoms (D:6)
  2 lemures (D:4)
  Blork the orc (D:6)
  5 kobold brigands
  7 bullfrogs
  3 gnoll sergeants (D:11)
  A scorpion (D:4)
  A cane toad simulacrum (IceCv)
  A wyvern skeleton (D:5)
  An elephant simulacrum (IceCv)
  8 killer bees
  8 electric eels
  A howler monkey (D:7)
  4 centaur zombies
  4 jellies
  A hound (D:5)
  15 orc priests
  An iron imp (D:12)
  Natasha (thrice) (D:3)
  27 orc wizards
  A killer bee zombie (D:8)
  A polar bear simulacrum (IceCv)
  A wolf simulacrum (IceCv)
  A hound zombie (D:5)
  A mummy (D:7)
  Robin (D:2)
  A howler monkey zombie (D:5)
  10 gnolls
  A howler monkey skeleton (D:5)
  9 adders
  A river rat (Sewer)
  13 white imps
  An ufetubus (D:7)
  4 worms
  A dart slug (D:1)
  111 orcs
  8 ball pythons
  8 endoplasms
  5 giant cockroaches
  14 hobgoblins
  6 jackals
  5 quokkas
  4 bats
  3 frilled lizards
  28 goblins
  A hobgoblin zombie (D:7)
  21 kobolds
  2 kobold zombies (D:7)
  An orc zombie (D:7)
  10 rats
  A butterfly (Lair:1)
  3 fulminant prisms (Bailey)
1345 creatures vanquished.

Vanquished Creatures (others)
  A vault warden (Vaults:2)
  An ironbound preserver (Vaults:2)
  An ettin (D:11)
  A golden dragon zombie (Vaults:3)
  A skeletal warrior (Vaults:2)
  2 deep trolls
  A harpy (Shoals:3)
  A wolf spider (Spider:1)
  A manticore (Shoals:3)
  A faun (Shoals:1)
  2 yaktaurs
  A hornet (Spider:2)
  A redback (Spider:4)
  A tarantella (Spider:1)
  5 ball lightnings (Spider:1)
  42 fulminant prisms
  38 fungi
  108 plants
209 creatures vanquished.

Grand Total: 1554 creatures vanquished

Notes
Turn   | Place    | Note
-------+----------+-------------------------------------------
     0 | D:1      | BlueGoblin the Draconian Conjurer began the quest for the
                  | Orb.
     0 | D:1      | Reached XP level 1. HP: 14/14 MP: 3/3
   317 | D:1      | Reached XP level 2. HP: 20/20 MP: 3/5
  1024 | D:1      | Reached XP level 3. HP: 26/26 MP: 4/6
  1112 | D:1      | Learned a level 2 spell: Searing Ray
  1509 | D:2      | You fall into a shaft and drop 1 floor!
  1640 | D:2      | Found a shimmering altar of Xom.
  1908 | D:3      | Noticed Robin
  1938 | D:3      | HP: 1/26 [Robin (4)]
  2073 | D:2      | Killed Robin
  2074 | D:2      | Reached skill level 5 in Conjurations
  2074 | D:2      | Reached XP level 4. HP: 33/33 MP: 3/8
  2201 | D:3      | Found a faded altar of an unknown god.
  2209 | D:3      | Got Plato's Tome of the Blaze
  2281 | D:3      | Noticed a necrophage
  2300 | D:3      | Killed a necrophage
  2301 | D:3      | Reached XP level 5. HP: 30/39 MP: 1/9
  2377 | D:3      | Noticed Natasha
  2381 | D:3      | Killed Natasha
  2471 | D:3      | Noticed Natasha
  2476 | D:3      | Killed Natasha
  2804 | D:3      | Noticed Natasha
  2812 | D:3      | Killed Natasha
  3227 | D:4      | Reached XP level 6. HP: 46/46 MP: 6/11
  3661 | D:4      | Reached skill level 1 in Fighting
  3735 | D:4      | Noticed Pikel
  3766 | D:4      | Killed Pikel
  3767 | D:4      | Reached skill level 6 in Conjurations
  3767 | D:4      | Your scales start taking on a dull iron-grey colour.
  3767 | D:4      | Reached XP level 7. HP: 17/53 MP: 1/14
  4065 | D:4      | Reached skill level 5 in Spellcasting
  4269 | D:5      | Entered Level 5 of the Dungeon
  4541 | D:5      | Reached skill level 7 in Conjurations
  4541 | D:5      | Reached XP level 8. HP: 61/61 MP: 9/15
  4740 | D:5      | Identified the +1 scale mail "Hosel" {Harm Will+ Str-5
                  | Slay+3}
  5125 | D:6      | Reached skill level 5 in Dodging
  5209 | D:6      | Noticed Blork the orc
  5216 | D:6      | Killed Blork the orc
  5391 | D:6      | Found a glowing drain.
  5410 | Sewer    | Entered a sewer
  6481 | D:6      | Found a staircase to the Ecumenical Temple.
  6710 | Temple   | Entered the Ecumenical Temple
  7282 | Temple   | Became a worshipper of Ru the Awakened
  7444 | D:7      | Reached XP level 9. HP: 60/70 MP: 18/18
  7449 | D:7      | Learned a level 4 spell: Iskenderun's Mystic Blast
  7454 | D:7      | Learned a level 4 spell: Fulminant Prism
  7520 | D:7      | Found Qalur's Jewellery Shop.
  7533 | D:7      | Reached skill level 8 in Conjurations
  7593 | D:7      | Found a runed translucent gate.
  7593 | D:7      | Found a runed translucent gate.
  7593 | D:7      | Found a runed translucent gate.
  7594 | D:7      | Noticed bgiannan's ghost (novice MiFi)
  8401 | D:8      | Found a flagged portal.
  8563 | D:8      | Noticed Prince Ribbit
  8571 | D:8      | Killed Prince Ribbit
  8747 | Bailey   | Entered a bailey
  8932 | Bailey   | Noticed a kobold demonologist
  8948 | Bailey   | Killed a kobold demonologist
  9155 | Bailey   | Reached skill level 9 in Conjurations
  9159 | Bailey   | Noticed a kobold demonologist
  9163 | Bailey   | Noticed an orc knight
  9166 | Bailey   | Noticed an orange demon
  9576 | Bailey   | Noticed an orc knight
  9672 | Bailey   | Noticed a sixfirhy
  9678 | Bailey   | Noticed a smoke demon
 10113 | Bailey   | Gained mutation: You sometimes lose the ability to read
                  | scrolls when taking damage. [a neqoxec]
 10115 | Bailey   | Noticed a hellwing
 10115 | Bailey   | Gained mutation: Potions are less effective at restoring
                  | your health. [a neqoxec]
 10184 | Bailey   | Noticed a soul eater
 10188 | Bailey   | Noticed an ice devil
 10188 | Bailey   | Killed a kobold demonologist
 10189 | Bailey   | Reached XP level 10. HP: 80/80 MP: 4/21
 10482 | Bailey   | Killed an orc knight
 10668 | Bailey   | Found an iron altar of Okawaru.
 11113 | Bailey   | Killed an orc knight
 11408 | D:8      | Reached skill level 5 in Fighting
 11408 | D:8      | Reached skill level 10 in Conjurations
 11853 | D:8      | Noticed a boulder beetle
 11873 | D:8      | Noticed Harold
 12030 | D:8      | Acquired the +0 hat "Gaedwoho" {Str+10}
 12037 | D:8      | Acquired the +0 staff of Battle
 12037 | D:8      | Found the +0 staff of Battle
 12161 | D:8      | Killed a boulder beetle
 12200 | D:8      | Killed Harold
 12201 | D:8      | Reached XP level 11. HP: 70/88 MP: 18/24
 12462 | D:9      | Noticed a two-headed ogre
 12466 | D:9      | Killed a two-headed ogre
 12470 | D:9      | Noticed Erolcha
 12474 | D:9      | Killed Erolcha
 12475 | D:9      | Reached skill level 11 in Conjurations
 12524 | D:9      | Found an ancient bone altar of Kikubaaqudgha.
 12569 | D:9      | Noticed Erica
 12575 | D:9      | Killed Erica
 12576 | D:9      | Reached skill level 10 in Spellcasting
 12577 | D:9      | Noticed a two-headed ogre
 12583 | D:9      | Killed a two-headed ogre
 12907 | D:10     | Entered Level 10 of the Dungeon
 13720 | D:11     | Found a staircase to the Orcish Mines.
 14007 | D:11     | Reached skill level 12 in Conjurations
 14069 | D:11     | Noticed an eight-headed hydra
 14072 | D:11     | Noticed a centaur warrior
 14075 | D:11     | Killed an eight-headed hydra
 14080 | D:11     | Killed a centaur warrior
 14081 | D:11     | Reached XP level 12. HP: 70/96 MP: 17/27
 14259 | D:11     | Found a staircase to the Lair.
 14259 | D:11     | Noticed a two-headed ogre
 14270 | D:11     | Killed a two-headed ogre
 14845 | D:11     | Noticed a centaur warrior
 14857 | D:11     | Killed a centaur warrior
 15014 | D:11     | Noticed a two-headed ogre
 15014 | D:11     | Noticed an ettin
 15014 | D:11     | Noticed a two-headed ogre
 15029 | D:11     | Killed a two-headed ogre
 15035 | D:11     | Noticed Fannar
 15044 | D:11     | Noticed a fire dragon
 15045 | D:11     | a fire dragon changed into a tyrant leech
 15138 | Lair:1   | Entered Level 1 of the Lair of Beasts
 15326 | Lair:1   | Noticed a five-headed hydra
 15332 | Lair:1   | Killed a five-headed hydra
 15531 | Lair:1   | Reached skill level 13 in Conjurations
 15938 | Lair:1   | Noticed a six-headed hydra
 15948 | Lair:1   | Killed a six-headed hydra
 16140 | Lair:2   | Learned a level 4 spell: Passage of Golubria
 16324 | Lair:2   | Reached XP level 13. HP: 102/104 MP: 24/29
 16333 | Lair:2   | Reached skill level 10 in Dodging
 16586 | Lair:2   | Gained mutation: You cannot study or cast Poison magic. [Ru
                  | sacrifice]
 16586 | Lair:2   | Gained mutation: You cannot study or cast Hexes magic. [Ru
                  | sacrifice]
 16586 | Lair:2   | Gained mutation: You cannot study or cast Necromancy magic.
                  | [Ru sacrifice]
 16586 | Lair:2   | Reached * piety under Ru
 16867 | Lair:2   | You fall into a shaft and drop 1 floor!
 16867 | Lair:3   | Found a hole to the Spider Nest.
 16963 | Lair:3   | Found a staircase to the Shoals.
 17441 | Lair:3   | Found a frozen archway.
 17470 | IceCv    | Entered an ice cave
 17471 | IceCv    | Found a transporter.
 17535 | IceCv    | Found a transporter.
 18536 | Lair:4   | Reached skill level 14 in Conjurations
 18905 | Lair:4   | Gained mutation: You cannot study or use magical devices.
                  | [Ru sacrifice]
 18905 | Lair:4   | Reached ** piety under Ru
 18905 | Lair:4   | Reached *** piety under Ru
 20025 | Lair:5   | Found a staircase to the Slime Pits.
 20395 | Lair:6   | Entered Level 6 of the Lair of Beasts
 20497 | Lair:6   | Reached XP level 14. HP: 96/111 MP: 10/32
 20615 | Lair:6   | Reached skill level 15 in Conjurations
 21036 | Lair:6   | Found a corrupted altar of Lugonu.
 21036 | Lair:6   | Found a one-way gate to the infinite horrors of the Abyss.
 21550 | Lair:6   | HP: 3/111 [boulder beetle (49)]
 21931 | Lair:6   | Reached skill level 15 in Spellcasting
 22421 | Lair:6   | Reached skill level 16 in Conjurations
 22583 | Lair:6   | Learned a level 6 spell: Starburst
 23168 | Orc:1    | Entered Level 1 of the Orcish Mines
 23174 | Orc:1    | Paralysed by an orc sorcerer for 2 turns
 24032 | Orc:2    | Entered Level 2 of the Orcish Mines
 24221 | Orc:2    | Found a staircase to the Elven Halls.
 24540 | Orc:2    | Noticed an orc warlord
 24567 | Orc:2    | Killed an orc warlord
 24661 | Orc:1    | Reached skill level 1 in Translocations
 25228 | Orc:2    | Found Moonul's General Store.
 25291 | Orc:2    | Bought a scroll of blinking for 105 gold pieces
 25291 | Orc:2    | Bought a scroll of teleportation for 42 gold pieces
 25295 | Orc:2    | Lost mutation: Potions are less effective at restoring your
                  | health. [potion of mutation]
 25295 | Orc:2    | Lost mutation: You sometimes lose the ability to read
                  | scrolls when taking damage. [potion of mutation]
 25295 | Orc:2    | Gained mutation: Your large and strong wings let you fly.
                  | [potion of mutation]
 25295 | Orc:2    | Gained mutation: You expend magic power (3 MP) to
                  | strengthen your wands. [potion of mutation]
 25295 | Orc:2    | Gained mutation: You have sharp fingernails. [potion of
                  | mutation]
 25295 | Orc:2    | Gained mutation: You have a pair of small horns on your
                  | head. [potion of mutation]
 25319 | Orc:2    | Reached XP level 15. HP: 118/118 MP: 29/34
 25465 | Orc:2    | Found Zozuemivyst's Antique Weapon Boutique.
 25467 | Orc:2    | Found Kaddenaam's Antique Armour Shop.
 25474 | Orc:2    | Bought a shimmering falchion for 200 gold pieces
 25474 | Orc:2    | Identified the +8 falchion "Rowun" {antimagic, rPois Will+}
                  | (You bought it in a shop on level 2 of the Orcish Mines)
 25481 | Orc:2    | Bought a pair of runed gloves for 217 gold pieces
 25945 | Orc:2    | Found Liraluem's Antique Weapon Shop.
 26127 | Orc:2    | Learned a level 5 spell: Lee's Rapid Deconstruction
 26342 | D:11     | Killed Fannar
 26959 | D:12     | Found a snail-covered altar of Cheibriados.
 27250 | D:12     | Gained mutation: You are clumsy. (Dex -2) [Ru sacrifice]
 27250 | D:12     | Reached **** piety under Ru
 27516 | D:12     | Noticed Josephine
 27526 | D:12     | Killed Josephine
 27527 | D:12     | Reached skill level 1 in Shields
 28542 | D:13     | Identified the +10 shortbow of Fuunen {venom, MP-9 Str+8
                  | Dex+3 Stlth-}
 28818 | D:14     | Found a corrupted altar of Lugonu.
 29282 | D:14     | Found a gate to the Vaults.
 29901 | D:14     | Identified the +3 spear of Neusec {freeze, rN++ Int+4 Dex-2
                  | Stlth+}
 30129 | D:15     | Entered Level 15 of the Dungeon
 30257 | D:15     | Reached skill level 17 in Conjurations
 30638 | D:15     | Reached skill level 1 in Earth Magic
 30770 | D:15     | Found a staircase to the Depths.
 31478 | Shoals:1 | Entered Level 1 of the Shoals
 32058 | Shoals:1 | Reached XP level 16. HP: 91/126 MP: 29/36
 32060 | Shoals:1 | Reached skill level 5 in Shields
 32396 | Shoals:1 | Reached skill level 1 in Fire Magic
 32425 | Shoals:1 | Found Tudobb Eshi's Distillery.
 33840 | Shoals:2 | Noticed Ilsuiw
 33874 | Shoals:2 | HP: 6/123 [something (8)]
 34259 | Shoals:2 | Killed Ilsuiw
 34792 | Shoals:2 | Noticed Polyphemus
 35070 | Shoals:2 | Killed Polyphemus
 36544 | Shoals:3 | Noticed Aizul
 36594 | Shoals:3 | Killed Aizul
 37249 | Shoals:4 | Entered Level 4 of the Shoals
 37249 | Shoals:4 | Found a stormy altar of Qazlal.
 37311 | Shoals:4 | Noticed Mlioglotl
 37562 | Shoals:4 | Paralysed by an air elemental for 1 turns
 37564 | Shoals:4 | Paralysed by an air elemental for 1 turns
 37566 | Shoals:4 | Paralysed by an air elemental for 1 turns
 38062 | Shoals:4 | Paralysed by an air elemental for 1 turns
 38073 | Shoals:4 | Reached XP level 17. HP: 79/134 MP: 22/38
 38718 | Shoals:4 | Killed Mlioglotl
 38955 | Shoals:4 | Identified the +3 troll leather armour of Sorphogg {rPois
                  | Regen+ rCorr Str-5 Dex-2}
 39283 | Shoals:4 | Noticed a titan
 39289 | Shoals:4 | Got a barnacled rune of Zot
 39294 | Shoals:4 | Killed a titan
 39706 | Spider:1 | Entered Level 1 of the Spider Nest
 39713 | Spider:1 | Reached skill level 18 in Conjurations
 39994 | Spider:1 | Reached skill level 5 in Translocations
 40018 | Spider:1 | Gained mutation: You sometimes lose the ability to drink
                  | potions when taking damage. [Ru sacrifice]
 40018 | Spider:1 | Reached ***** piety under Ru
 40435 | Spider:1 | You are sucked into a shaft and drop 1 floor!
 40803 | Spider:1 | Identified the +0 cloak of the Harvest {Fly Dex+5 SInv}
 41163 | Spider:1 | Found a runed translucent door.
 41164 | Spider:1 | Found a shimmering altar of Xom.
 41164 | Spider:1 | Noticed Zuot's ghost (adept GnWn)
 43198 | Spider:2 | Killed Zuot's ghost
 43582 | Spider:2 | Identified the amulet of Butchery {Acrobat rF+ Int+4 Dex+4}
 43973 | Spider:3 | Reached skill level 10 in Shields
 44151 | Spider:3 | Noticed Kirke
 44151 | Spider:3 | Noticed Kirke
 44151 | Spider:3 | Kirke changed into Kirke the hog
 44193 | Spider:3 | Killed Kirke the hog
 44818 | Spider:4 | Entered Level 4 of the Spider Nest
 45321 | Spider:4 | Reached XP level 18. HP: 105/143 MP: 14/40
 47576 | Spider:4 | Got a gossamer rune of Zot
 48067 | Vaults:1 | Entered Level 1 of the Vaults
 51081 | Vaults:2 | Reached skill level 19 in Conjurations
 51145 | Vaults:2 | Noticed a golden dragon
 51730 | Vaults:1 | Acquired a +6 ring of intelligence
 51732 | Vaults:1 | Acquired a book of Spatial Translocations
 51741 | Vaults:1 | Learned a level 6 spell: Statue Form
 51934 | Vaults:2 | Found a staircase to the Crypt.
 51937 | Vaults:2 | Found Anniu's Jewellery Shoppe.
 51961 | Vaults:2 | Identified the +2 flail of Articulation {chaos, rF+ Dex+2
                  | Stlth+}
 51978 | Vaults:2 | Reached XP level 19. HP: 92/149 MP: 12/41
 53545 | Vaults:2 | Killed a golden dragon
 53560 | Vaults:2 | HP: 7/142 [poison (poison gas)]
 54236 | Vaults:3 | You are sucked into a shaft and drop 1 floor!
 54515 | Vaults:4 | Found Qalir's Antique Armour Emporium.
 54567 | Vaults:4 | Noticed Mara
 54580 | Vaults:4 | Noticed BlueGoblin's illusion
 55852 | Vaults:3 | Noticed Xtahua
 55884 | Vaults:3 | Paralysed by Xtahua for 7 turns
 55889 | Vaults:3 | HP: 5/142 [vault warden (17)]
 55890 | Vaults:3 | Annihilated by a vault warden

Illustrated notes

Levels and vault maps discovered:
D:1:      psy_arrival_statuary, layout_loops_ring, serial_forest,
          infiniplex_forest_lined_2, infiniplex_forest_pool,
          infiniplex_forest_end_3, infiniplex_forest_lined_2,
          infiniplex_forest_corner_1, minmay_tall_x
D:2:      layout_basic, basic_altar
D:3:      layout_rooms, shapermc_ecumenical_altar_rom_forum, uniq_natasha,
          uniq_robin
D:4:      layout_basic, uniq_pikel
D:5:      layout_rooms
D:6:      layout_loops_ring, lemuel_temple_firewalk_a, gup_sewer_entry_glass,
          chequers_ossuary_entry_cave, uniq_blork_the_orc
D:7:      layout_rooms, ebering_ghost_rock_garden, serial_shops, shop,
          minmay_mini_ossuary
D:8:      layout_gridville, enter_bailey_5, uniq_prince_ribbit1, uniq_harold
D:9:      layout_cave_pools, mainiacjoe_overflow_catwalk, uniq_erolcha,
          uniq_erica
D:10:     layout_loops_ring
D:11:     layout_basic, lair_entry_dummy,
          kennysheep_orc_monster_closet_entryway, wad_scary_box, uniq_fannar
D:12:     layout_layer_cave, slow_altar_2, uniq_josephine
D:13:     layout_irregular_city
D:14:     layout_long_grid, erik_vaults_2, nicolae_wwwww, tgw_lugonu_bribe
D:15:     grunt_enter_depths_giant_problem, layout_cave_pods
Temple:   mainiacjoe_temple_starburst
Lair:1:   layout_regular_city, lemuel_fruit_fields, grunt_megastairs_2
Lair:2:   layout_roguey, beast_lair_carwin_10
Lair:3:   layout_roguey, shoals_dummy_entry, spider_nest_entry_a,
          portal_ice_cave_entry_imps
Lair:4:   layout_regular_city, serial_bayou_ford_a
Lair:5:   layout_roguey, slime_dummy, serial_bayou_shore_b, grunt_megastairs_1,
          lemuel_fruit_tree
Lair:6:   hellmonk_lair_end_abyssal_woods, layout_regular_city,
          lemuel_fruit_fields
Shoals:1: layout_shoals, serial_shops, nicolae_shop_competitors_out_of_business,
          nicolae_shoals_secluded_bog
Shoals:2: layout_shoals, uniq_polyphemus, uniq_ilsuiw
Shoals:3: layout_shoals, uniq_aizul
Shoals:4: shoals_end_hellmonk_storm_palace [storm_palace_center_square,
          storm_palace_corner_reverse_hut, storm_palace_corner_altar,
          storm_palace_corner_reverse_hut, storm_palace_corner_grid],
          uniq_mlioglotl
Spider:1: layout_spider_delve, ebering_ghost_xom
Spider:2: layout_spider_delve
Spider:3: layout_spider_delve, uniq_kirke
Spider:4: grunt_spider_rune_circles
Orc:1:    cheibrodos_orc_arena, layout_diamond_mine
Orc:2:    grunt_orc_community_town_hall, layout_diamond_mine,
          grunt_orc_community_big_house_1, grunt_orc_community_big_house_2,
          grunt_orc_community_house_1, grunt_orc_community_house_3,
          grunt_orc_community_house_1, grunt_orc_community_house_2,
          grunt_orc_community_house_3
Vaults:1: v_pattern_3, vaults_mumra_minichess, v_misc_28,
          hangedman_vaults_stretched_pinwheel, vaults_room_grunt_arrival_ludios,
          nicolae_vaults_mini_display_case, nicolae_vaults_theta,
          hangedman_vaults_nails, layout_vaults_omnigrid
Vaults:2: nicolae_vaults_asterisk, vaults_dpeg_cross,
          nicolae_vaults_little_squares_3, st_hourglassy,
          grunt_vaults_hallway_long, ontoclasm_vaults_twist,
          nicolae_vaults_little_squares_6, ontoclasm_vaults_claustrophobia,
          vaults_mumra_chevron_long, vaults_room_hallway, vaults_room_door_hall,
          minmay_crypt_entry_simple_box, hangedman_vaults_stretched_pinwheel,
          vaults_room_fours, ontoclasm_vaults_hangar, vaults_dpeg_hooks,
          layout_vaults_omnibox, serial_shops, shop
Vaults:3: kb_rosetta, vaults_room_semicircle, nicolae_vaults_inception_corners,
          v_misc_5, v_misc_5, nicolae_vaults_little_squares_6,
          vaults_room_fours, vaults_room_door_ring, grunt_vaults_funnel,
          grunt_vaults_focal, ontoclasm_vaults_decontamination,
          nicolae_vaults_little_squares_3, nicolae_vaults_shelves_hall,
          vaults_room_corners, layout_vaults_chaotic_city, uniq_xtahua
Vaults:4: door_vault, vaults_dpeg_diagonal, grunt_vaults_bifocal,
          vaults_room_boxed, vaults_room_pools,
          nicolae_vaults_diagonal_hallway_6, v_misc_23,
          nicolae_vaults_border_crossing,
          vaults_standard_mumra_enter_the_diamond, layout_vaults_big_cross,
          serial_shops, nicolae_shop_trees, uniq_saint_roka, uniq_mara

Skill      XL: |  1  2  3  4  5  6  7  8  9 10 11 12 13 14 15 16 17 18 19 |
---------------+----------------------------------------------------------+-----
Dodging        | 2 4 5 7 8 9 10 11 12 13 14 | 14.6
Conjurations   | 5 6 7 9 10 12 13 14 16 17 18 19 | 19.3
Spellcasting   | 3 4 5 6 7 9 11 12 14 15 16 17 18 | 18.9
Fighting       | 1 2 3 4 5 6 7 8 |  8.5
Translocations | 1 3 4 5 6 |  6.9
Shields        | 4 8 10 13 14 | 14.4
Earth Magic    | 2 |  2.7
Fire Magic     | 1 2 |  2.9
Stealth        | |  1.7

Action                   |  1- 3 |  4- 6 |  7- 9 | 10-12 | 13-15 | 16-18 | 19-21 || total
-------------------------+-------+-------+-------+-------+-------+-------+-------++-------
Melee: Unarmed           |    17 |       |       |       |       |       |       ||    17
       Short sword       |    35 |    41 |       |       |       |       |       ||    76
       Tailslap          |     4 |     5 |    10 |     2 |     6 |    26 |     1 ||    54
       Whip              |       |       |    12 |       |       |       |       ||    12
       Halberd           |       |       |    51 |       |       |       |       ||    51
       Dagger            |       |       |    42 |     7 |       |       |       ||    49
       Staff             |       |       |       |     6 |    53 |    86 |     1 ||   146
       Headbutt          |       |       |       |       |     7 |    45 |     1 ||    53
Throw: Throwing net      |       |       |       |     2 |       |       |       ||     2
 Cast: Magic Dart        |    41 |     1 |     7 |     7 |   358 |       |       ||   414
       Searing Ray       |    18 |    31 |    79 |   125 |   192 |   419 |    94 ||   958
       Fulminant Prism   |       |       |    30 |    15 |       |       |       ||    45
       Iskenderun's Myst |       |       |     6 |    29 |   122 |   135 |    17 ||   309
       Passage of Golubr |       |       |       |     3 |       |     8 |     2 ||    13
       Starburst         |       |       |       |       |     5 |    20 |     4 ||    29
       Lee's Rapid Decon |       |       |       |       |     4 |     2 |       ||     6
Invok: Sacrifice Artific |       |       |       |       |     1 |       |       ||     1
       Sacrifice Arcana  |       |       |       |       |     1 |       |       ||     1
       Reject Sacrifices |       |       |       |       |     2 |     1 |       ||     3
       Draw Out Power    |       |       |       |       |     1 |    10 |     5 ||    16
       Sacrifice Purity  |       |       |       |       |     1 |       |       ||     1
       Power Leap        |       |       |       |       |       |     4 |       ||     4
       Sacrifice Drink   |       |       |       |       |       |     1 |       ||     1
  Use: Scroll            |     3 |       |    11 |     4 |    14 |     8 |     1 ||    41
       Potion            |     1 |     2 |     4 |       |     5 |     2 |       ||    14
 Stab: Sleeping          |     1 |     1 |     1 |       |       |       |       ||     3
       Distracted        |       |       |       |       |       |     1 |       ||     1
Armor: Skin              |    37 |    28 |   102 |    71 |   159 |   285 |    33 ||   715
Dodge: Dodged            |    81 |    38 |   168 |   207 |   376 |  1085 |   145 ||  2100
Block: Buckler           |       |       |       |       |    44 |   428 |       ||   472
       Kite shield       |       |       |       |       |       |   217 |   190 ||   407

Table legend: (Time is in decaauts)
 A = Elapsed time spent in this place.
 B = Non-inter-level travel time spent in this place.
 C = Inter-level travel time spent in this place.
 D = Time resting spent in this place.
 E = Time spent auto-exploring this place.
 F = Levels seen in this place.
 G = Mean time per level.
                   A        B        C        D        E       F      G
               +--------+--------+--------+--------+--------+-----+--------+
         Total |  56031 |  52981 |   3050 |  13437 |  29898 |  39 | 1436.7 |
       Dungeon |  16587 |  15647 |    940 |   1709 |  11357 |  15 | 1105.8 |
        Temple |    627 |    527 |    100 |      0 |    517 |   1 |  627.0 |
          Lair |   7812 |   7212 |    600 |    963 |   5134 |   6 | 1302.0 |
        Shoals |   8175 |   7910 |    265 |   2521 |   3995 |   4 | 2043.8 |
   Spider Nest |   7890 |   7455 |    435 |   3512 |   2567 |   4 | 1972.5 |
  Orcish Mines |   3089 |   2950 |    139 |    590 |   1731 |   2 | 1544.5 |
        Vaults |   7834 |   7265 |    569 |   1957 |   3938 |   4 | 1958.5 |
         Sewer |    629 |    629 |      0 |      0 |    497 |   1 |  629.0 |
        Bailey |   2615 |   2615 |      0 |   1530 |    151 |   1 | 2615.0 |
      Ice Cave |    769 |    769 |      0 |    655 |     11 |   1 |  769.0 |
               +--------+--------+--------+--------+--------+-----+--------+

Top non-repeatable levels by time:
Spider:1: 3252 daAuts
Vaults:1: 3241 daAuts
Vaults:2: 2925 daAuts
  Bailey: 2615 daAuts
  Lair:6: 2551 daAuts
Shoals:1: 2427 daAuts
Shoals:3: 2204 daAuts
Spider:4: 2076 daAuts
    D:11: 1930 daAuts
Shoals:4: 1793 daAuts
Shoals:2: 1750 daAuts
   Orc:2: 1648 daAuts
    D:14: 1606 daAuts
Spider:3: 1496 daAuts
     D:6: 1474 daAuts
